 Dungeon Crawl Stone Soup version 0.28.0-45-g0d030f2227 (webtiles) character file.

Game seed: 180114433503069843

220 Revguard the Sneak (level 5, -3/36 (39) HPs)
             Began as a Demonspawn Brigand on Apr 20, 2022.
             Slain by a wight
             ... wielding a +3 trident
              (4 damage)
             ... in a sewer.
             The game lasted 00:10:26 (2827 turns).

Revguard the Sneak (Demonspawn Brigand)             Turns: 2827, Time: 00:10:27

HP:   -3/36 (39)    AC:  7    Str: 11    XL:     5   Next: 64%
MP:   8/8           EV: 11    Int: 14    God:
Gold: 23            SH:  0    Dex: 15    Spells: 8/8 levels left

rFire   . . .      SeeInvis .   a - +2 dagger
rCold   . . .      Faith    .   (no shield)
rNeg    . . .      Spirit   .   h - +0 leather armour
rPois   .          Reflect  .   f - +0 helmet
rElec   .          Harm     .   c - +0 cloak
rCorr   .          Rampage  .   (no gloves)
Will    .....                   (no boots)
Stlth   ++........              (no amulet)
HPRegen 0.12/turn               (no ring)
MPRegen 0.11/turn               (no ring)

@: drained, very slow
A: icy blue scales 1, foul stench 1
a: no special abilities


You were in a sewer.
You visited 1 branch of the dungeon, and saw 3 of its levels.
You also visited: Sewer.

You collected 23 gold pieces.

Inventory:

Hand Weapons
 a - a +2 dagger (weapon)
Missiles
 d - 4 poisoned darts (quivered)
Armour
 b - a +0 robe
 c - a +0 cloak (worn)
 f - a +0 helmet (worn)
 g - a +0 pair of gloves
 h - a +0 leather armour (worn)


   Skills:
 + Level 2.6 Fighting
 * Level 3.0 Short Blades
 - Level 1.7 Throwing
 + Level 1.4 Armour
 + Level 1.6 Dodging
 * Level 4.5 Stealth
 * Level 2.1 Spellcasting


You had 8 spell levels left.
You didn't know any spells.
Your spell library contained the following spells:

 Spells                   Type           Power      Damage    Failure   Level
 Sandblast                Erth           2%         2d4       30%         1
 Passwall                 Tmut/Erth      0%         N/A       43%         2
 Stone Arrow              Conj/Erth      2%         3d7       67%         3


Dungeon Overview and Level Annotations

Branches:
Dungeon (3/15)              Sewer (1/1)

Altars:


Innate Abilities, Weirdness & Mutations

You are partially covered in icy blue scales. (AC +2)
You may rarely emit foul miasma when damaged in melee.


Message History

The kobold is poisoned.
The kobold convulses.
You kill the kobold!
You hear a splash. x2
The wight splashes around in the water.
Throw: 6 darts (poison)
Press: ? - help, Q - select action Shift-Dir - straight line, f - kobold
Aim: a kobold, wielding a +0 dagger and quivering stones (51% to hit)
You throw a poisoned dart. The poisoned dart hits the kobold.
The kobold is poisoned.
You hear a splash.
The kobold hits you with a +0 dagger.
* * * LOW HITPOINT WARNING * * *
The wight hits you from afar with a +3 trident.
* * * LOW HITPOINT WARNING * * *
Throw: 5 darts (poison)
Press: ? - help, Q - select action Shift-Dir - straight line, f - kobold, p - kobold
Aim: a kobold, wielding a +0 dagger (51% to hit)
You throw a poisoned dart. The poisoned dart hits the kobold.
The kobold is poisoned.
You hear a splash.
The kobold splashes around in the water.
The kobold hits you but does no damage.
The wight splashes around in the water.
You closely miss the kobold.
The kobold is heavily wounded.
The kobold hits you with a +0 dagger.
* * * LOW HITPOINT WARNING * * *
The kobold misses you.
You hit the kobold.
You kill the kobold!
You hear a splash.
You kill the kobold!
You hear a splash. x2
The wight hits you from afar with a +3 trident.
* * * LOW HITPOINT WARNING * * *
Your Short Blades skill increases to level 3!
You enter the shallow water.
Moving in this stuff is going to be slow.
The wight hits you with a +3 trident.
You die...

######################
.#≈≈≈≈≈≈≈≈≈≈≈≈≈≈≈≈≈≈≈#
..≈≈≈≈≈≈≈≈≈≈≈≈≈)≈z≈≈≈#
.#≈≈≈≈≈≈≈≈≈≈≈≈≈)@.≈≈≈#
.##################≈##
.# ≈≈≈≈≈≈≈≈≈≈.'..≈#
.#≈≈≈≈≈≈≈≈≈≈≈≈≈≈.#Kz≈#
.#≈≈≈≈≈≈≈≈≈≈≈≈≈≈.#.≈≈#
.#≈≈≈≈≈≈≈≈≈≈≈≈≈..#.≈≈#
.#≈≈≈≈≈≈≈≈≈≈≈≈≈..#J≈≈#
.# ≈≈≈≈≈≈≈≈≈≈....#.≈≈#
.####≈#≈≈###≈#.####)##


You could see a wight.

Vanquished Creatures
  Crazy Yiuf (D:2)
  8 gnolls (D:2)
  3 adders
  2 worms (D:2)
  3 dart slugs (D:2)
  4 ball pythons
  8 bats
  5 endoplasms
  A giant cockroach (D:3)
  7 goblins (D:1)
  5 hobgoblins
  3 jackals (D:1)
  18 kobolds
  4 quokkas
  2 frilled lizards
  4 rats
78 creatures vanquished.

Notes
Turn   | Place    | Note
-------+----------+-------------------------------------------
     0 | D:1      | Revguard the Demonspawn Brigand began the quest for the
                  | Orb.
     0 | D:1      | Reached XP level 1. HP: 16/16 MP: 1/1
    88 | D:1      | Reached skill level 1 in Dodging
   142 | D:1      | Gained mutation: You may rarely emit foul miasma when
                  | damaged in melee. [demonic ancestry]
   142 | D:1      | Reached XP level 2. HP: 22/22 MP: 2/2
   652 | D:1      | Reached skill level 1 in Spellcasting
   813 | D:1      | Gained mutation: You are partially covered in icy blue
                  | scales. (AC +2) [demonic ancestry]
   813 | D:1      | Reached XP level 3. HP: 23/27 MP: 4/4
   997 | D:1      | Found a faded altar of an unknown god.
  1183 | D:2      | Reached skill level 4 in Stealth
  1213 | D:2      | HP: 1/27 [gnoll/+2 whip of holy wrath (4)]
  1225 | D:2      | Reached XP level 4. HP: 2/33 MP: 5/5
  1778 | D:2      | Reached skill level 1 in Armour
  2070 | D:2      | Reached XP level 5. HP: 39/39 MP: 7/7
  2482 | D:2      | Found a runed translucent door.
  2483 | D:2      | Noticed Crazy Yiuf
  2490 | D:2      | Killed Crazy Yiuf
  2556 | D:3      | Found a glowing drain.
  2583 | Sewer    | Entered a sewer
  2794 | Sewer    | Found an ancient bone altar of Kikubaaqudgha.
  2826 | Sewer    | HP: 1/36 [wight/+3 trident (2)]
  2827 | Sewer    | Slain by a wight

Illustrated notes

Levels and vault maps discovered:
D:1:      psy_arrival_dodecagon, layout_loops_corners,
          shapermc_ecumenical_altar_acropolis
D:2:      layout_loops_ring, kennysheep_generic_room_2, uniq_crazy_yiuf_cottage
D:3:      layout_basic, mainiacjoe_overflow_catwalk,
          nicolae_ru_sacrificial_ziggurat, yredelemnul_altar_generic,
          portal_sewer_entry_a, serial_shops, shop, uniq_terence
Sewer:    kennysheep_sewer_church

Skill      XL: |  1  2  3  4  5 |
---------------+----------------+-----
Dodging        | 1 |  1.6
Short Blades   | 2 3 |  3.0
Spellcasting   | 1 2 |  2.1
Stealth        | 4 |  4.5
Armour         | 1 |  1.4
Fighting       | |  2.6
Throwing       | |  1.7

Action                   |  1- 3 |  4- 6 || total
-------------------------+-------+-------++-------
Melee: Dagger            |    98 |   129 ||   227
       Punch             |     4 |     1 ||     5
Throw: Dart              |     4 |    21 ||    25
  Use: Scroll            |     3 |     1 ||     4
       Potion            |     1 |       ||     1
 Stab: Sleeping          |     7 |     7 ||    14
Armor: Robe              |     1 |       ||     1
       Leather armour    |    28 |    42 ||    70
Dodge: Dodged            |    64 |    68 ||   132
